 Dungeon Crawl Stone Soup version 0.29-a0-321-gf1c400731a (webtiles) character file.

Game seed: 8039651183866348042

357 GigaChad the Chopper (level 6, 0/55 HPs)
             Began as a Minotaur Fighter on Apr 4, 2022.
             Was an Initiate of Yredelemnul.
             Slain by an ufetubus (1 damage)
             ... summoned by a ynoxinul
             ... created by the fury of Makhleb
             ... on level 4 of the Dungeon.
             The game lasted 00:12:21 (2356 turns).

GigaChad the Chopper (Minotaur Fighter)             Turns: 2356, Time: 00:12:22

Health: 0/55       AC: 10    Str: 27    XL:     6   Next: 36%
Magic:  5/5        EV: 10    Int:  5    God:    Yredelemnul [......]
Gold:   265        SH:  4    Dex: 11    Spells: 5/5 levels left

rFire   . . .      SeeInvis .   a - +0 war axe
rCold   + . .      Faith    .   c - +0 buckler
rNeg    . . .      Spirit   .   b - +0 scale mail
rPois   .          Reflect  .   (helmet restricted)
rElec   .          Harm     .   (no cloak)
rCorr   .          Rampage  .   (no gloves)
Will    .....                   k - +2 pair of boots
Stlth   ..........              (no amulet)
HPRegen 0.18/turn               h - ring of protection from cold
MPRegen 0.09/turn               B - +6 ring of strength

@: no status effects
A: horns 2, retaliatory headbutt
a: Renounce Religion, Recall Undead Harvest


You were on level 4 of the Dungeon.
You worshipped Yredelemnul.
Yredelemnul was noncommittal.
You visited 2 branches of the dungeon, and saw 5 of its levels.

You collected 265 gold pieces.

Inventory:

Hand Weapons
 a - a +0 war axe (weapon)
 g - a +0 short sword
 j - a +0 rapier
 p - a +0 club
 q - a +0 dagger
 F - a +1 dagger of holy wrath
 I - the +1 trident of Locrargh {antimagic, Dex+2}
   (You found it on level 4 of the Dungeon)

   It reduces the magical energy of the wielder, and disrupts the spells and
   magical abilities of those it strikes.
   Natural abilities and divine invocations are not affected.
   Dex:       It affects your dexterity (+2).
Missiles
 v - 14 poisoned darts (quivered)
 w - 4 large rocks
 D - 3 boomerangs
Armour
 b - a +0 scale mail (worn)
 c - a +0 buckler (worn)
 k - a +2 pair of boots (worn)
 o - a +1 helmet
 C - a +0 chain mail
Magical Staves
 u - a staff of death
Jewellery
 h - a ring of protection from cold (left hand)
 B - a +6 ring of strength (right hand)
Wands
 m - a wand of flame (13)
Scrolls
 f - a scroll of immolation {unknown}
 i - a scroll of teleportation {unknown}
 l - a scroll of brand weapon {unknown}
 n - 2 scrolls of fear {unknown}
 s - 2 scrolls of identify {unknown}
 t - a scroll of vulnerability {unknown}
 y - a scroll of magic mapping {unknown}
 z - 2 scrolls of noise {unknown}
 E - a scroll of torment {unknown}
 H - a scroll of enchant weapon {unknown}
Potions
 d - a potion of might
 e - a potion of flight {unknown}
 r - 2 potions of heal wounds {unknown}
 x - a potion of ambrosia {unknown}
 A - a potion of magic {unknown}
 G - a potion of brilliance {unknown}


   Skills:
 + Level 4.9 Fighting
 + Level 5.6 Axes
 + Level 5.1 Armour
 + Level 1.4 Dodging
 + Level 0.4 Stealth
 + Level 4.3 Shields


You had 5 spell levels left.
You didn't know any spells.
Your spell library was empty.

Dungeon Overview and Level Annotations

Branches:
Dungeon (4/15)             Temple (1/1) D:4

Altars:
Ashenzari
Dithmenos
Elyvilon
Fedhas
Gozag
Kikubaaqudgha
Makhleb
Nemelex Xobeh
Okawaru
Sif Muna
Trog
Uskayaw
Vehumet
Wu Jian
Yredelemnul
Zin


Innate Abilities, Weirdness & Mutations

You have a pair of horns on your head.
You reflexively headbutt those who attack you in melee.


Message History

* * * LOW HITPOINT WARNING * * *
The ufetubus closely misses you. You block the ufetubus's attack.
Found 10 gold pieces.
The ufetubus hits you but does no damage.
The ufetubus hits you.
* * * LOW HITPOINT WARNING * * *
The endoplasm freezes you.
You are frozen.
You resist.
* * * LOW HITPOINT WARNING * * *
The ufetubus hits you but does no damage.
The ufetubus barely misses you. The ufetubus attacks as you move away!
You block the ufetubus's attack. The ufetubus barely misses you.
The ufetubus attacks as you move away! You block the ufetubus's attack.
The ufetubus hits you but does no damage.
The ufetubus closely misses you.
The ufetubus hits you but does no damage.
The ufetubus barely misses you. The ufetubus closely misses you.
The ufetubus hits you but does no damage. x2
The ufetubus barely misses you. x2
The ufetubus hits you but does no damage.
The ufetubus hits you.
* * * LOW HITPOINT WARNING * * *
The ufetubus hits you.
* * * LOW HITPOINT WARNING * * *
The ufetubus hits you but does no damage.
The ufetubus closely misses you. You furiously retaliate!
You headbutt the ufetubus, but do no damage.
The ufetubus hits you but does no damage.
You barely miss the ufetubus. Your headbutt misses the ufetubus.
You slash the ufetubus!
You kill the ufetubus!
The ufetubus disappears in a puff of smoke!
You hit the ufetubus. You barely miss the ufetubus.
The ufetubus barely misses you. You block the ufetubus's attack.
The ufetubus barely misses you. x2
The ufetubus hits you but does no damage.
The ufetubus misses you. The ufetubus hits you.
You die...
Your body rises from the dead as a mindless zombie.

##### #######
###...5##############.....###
.......5355..............Z'Z.
###.##.######.######......###
#.....##.# #......#
#........# ###......#
#......J.# #......###
#.....555# #......#
#..).55@ยง# #......#
#........# #......#####
##....#### #...........
...... ###+###..... ..####
###..... .$ ........
#........ ..........
#####.....


You could see 5 ufetubi and an endoplasm.

Vanquished Creatures
  An ogre (D:4)
  A scorpion (D:2)
  Jessica (D:3)
  2 orc wizards (D:3)
  Robin (D:2)
  2 adders (D:4)
  3 worms
  4 dart slugs
  6 orcs (D:3)
  6 endoplasms
  17 goblins
  7 hobgoblins
  6 jackals (D:1)
  2 kobolds (D:2)
  6 quokkas
  6 ball pythons
  4 bats
  5 frilled lizards
  6 rats
86 creatures vanquished.

Vanquished Creatures (others)
  An adder zombie (D:4)
  A dart slug zombie (D:4)
  9 plants (D:3)
11 creatures vanquished.

Grand Total: 97 creatures vanquished

Notes
Turn   | Place    | Note
-------+----------+-------------------------------------------
     0 | D:1      | GigaChad the Minotaur Fighter began the quest for the Orb.
     0 | D:1      | Reached XP level 1. HP: 19/19 MP: 0/0
   237 | D:1      | Reached XP level 2. HP: 19/27 MP: 1/1
   583 | D:1      | Reached XP level 3. HP: 33/33 MP: 2/2
   664 | D:2      | Noticed Robin
   668 | D:2      | Noticed a scorpion
   689 | D:2      | Killed a scorpion
   690 | D:2      | Reached XP level 4. HP: 12/41 MP: 3/3
   691 | D:2      | Killed Robin
  1227 | D:2      | Reached XP level 5. HP: 39/47 MP: 4/4
  1592 | D:3      | Reached skill level 1 in Dodging
  1618 | D:3      | Noticed Jessica
  1625 | D:3      | Killed Jessica
  1778 | D:3      | Reached skill level 5 in Axes
  1993 | D:4      | Found a burning altar of Makhleb.
  2007 | D:4      | Became a worshipper of Makhleb the Destroyer
  2074 | D:4      | Found a staircase to the Ecumenical Temple.
  2090 | D:4      | Identified the +1 trident of Locrargh {antimagic, Dex+2}
  2090 | D:4      | Noticed an ogre
  2100 | D:4      | Killed an ogre
  2101 | D:4      | Reached skill level 5 in Armour
  2101 | D:4      | Reached XP level 6. HP: 55/55 MP: 5/5
  2107 | Temple   | Entered the Ecumenical Temple
  2115 | Temple   | Fell from the grace of Makhleb
  2115 | Temple   | Became a worshipper of Yredelemnul the Dark
  2209 | D:4      | Reached * piety under Yredelemnul
  2335 | D:4      | Noticed a ynoxinul
  2355 | D:4      | HP: 2/55 [ufetubus[the fury of Makhleb] (3)]
  2356 | D:4      | Slain by an ufetubus

Illustrated notes

Levels and vault maps discovered:
D:1:      dpeg_arrival_tiny_d, layout_loops_ring, dk_noncrumbling_4
D:2:      layout_basic, uniq_natasha, uniq_robin
D:3:      layout_basic, dilly_ecumenical_altar_fadedgnrine, uniq_jessica
D:4:      layout_basic, bloody_makhleb, minmay_temple_entry_glass
Temple:   nicolae_temple_no_exploring_needed

Skill      XL: |  1  2  3  4  5 |
---------------+----------------+-----
Fighting       | 4 |  4.9
Armour         | 4 5 |  5.1
Shields        | 4 |  4.3
Axes           | 3 4 5 |  5.6
Dodging        | 1 |  1.4
Stealth        | |  0.4

Action                   |  1- 3 |  4- 6 || total
-------------------------+-------+-------++-------
Melee: War axe           |    42 |    75 ||   117
       Headbutt          |     4 |    15 ||    19
Armor: Scale mail        |    45 |    42 ||    87
Dodge: Dodged            |    37 |    43 ||    80
Block: Buckler           |    14 |    22 ||    36

Table legend: (Time is in decaauts)
 A = Elapsed time spent in this place.
 B = Non-inter-level travel time spent in this place.
 C = Inter-level travel time spent in this place.
 D = Time resting spent in this place.
 E = Time spent auto-exploring this place.
 F = Levels seen in this place.
 G = Mean time per level.
                   A        B        C        D        E       F      G
               +--------+--------+--------+--------+--------+-----+--------+
         Total |   2394 |   2247 |    147 |      0 |    488 |   5 |  478.8 |
       Dungeon |   2337 |   2190 |    147 |      0 |    488 |   4 |  584.2 |
        Temple |     56 |     56 |      0 |      0 |      0 |   1 |   56.0 |
               +--------+--------+--------+--------+--------+-----+--------+

Top non-repeatable levels by time:
     D:2: 772 daAuts
     D:1: 632 daAuts
     D:3: 608 daAuts
     D:4: 324 daAuts
  Temple: 56 daAuts
